 Dungeon Crawl Stone Soup version 0.28.0-55-gcd9437bce4 (webtiles) character file.

Game seed: 15759261398502285550

2629 nerdsy the Blocker (level 9, -4/79 HPs)
             Began as a Deep Dwarf Fighter on Jan 2, 2023.
             Killed from afar by an electric eel (8 damage)
             ... with a bolt of electricity
             ... on level 6 of the Dungeon.
             The game lasted 00:19:03 (3878 turns).

nerdsy the Blocker (Deep Dwarf Fighter)             Turns: 3878, Time: 00:19:04

Health: -4/79      AC: 20    Str: 33    XL:     9   Next: 35%
Magic:  0/0        EV:  7    Int: 12    God:
Gold:   231        SH: 15    Dex: 12    Spells: 8/8 levels left

rFire   . . .      SeeInvis .   D - +6 whip of the Pharaoh's Fist {vorpal, rN+}
rCold   . . .      Faith    .   j - +0 tower shield
rNeg    + . .      Spirit   +   l - +6 chain mail "Fuvuiz" {+Inv Will+ Str+3 Int+3}
rPois   .          Reflect  .   b - +0 helmet
rElec   .          Harm     .   (no cloak)
rCorr   .          Rampage  .   E - +1 pair of gloves {infuse}
Will    ++...                   (no boots)
Stlth   ..........              s - amulet of guardian spirit
HPRegen 0.00/turn               g - +6 ring of strength
MPRegen 0.07/turn               (no ring)

@: no status effects
A: damage resistance, heal wounds, sense surroundings 2, no regeneration
a: Heal Wounds, Evoke Invisibility


You were on level 6 of the Dungeon.
You visited 1 branch of the dungeon, and saw 6 of its levels.

You collected 231 gold pieces.

Inventory:

Hand Weapons
 a - a +2 antimagic spear
 m - a +2 dagger of venom
 n - a +0 dagger of venom
 D - the +6 whip of the Pharaoh's Fist (weapon) {vorpal, rN+}
   (You found it on level 5 of the Dungeon)

   It inflicts extra damage upon your enemies.
   rN:        It protects you from negative energy.
Missiles
 f - 2 javelins
 i - a throwing net
 k - 162 stones
 o - 75 sling bullets
 q - 14 bolts
 w - 98 arrows
Armour
 b - a +0 helmet (worn)
 j - a +0 tower shield (worn)
 l - the +6 chain mail "Fuvuiz" (worn) {+Inv Will+ Str+3 Int+3}
   (You took it off an orc on level 2 of the Dungeon)

   Str:       It affects your strength (+3).
   Int:       It affects your intelligence (+3).
   +Inv:      It lets you turn invisible.
   Will:      It increases your willpower.
 E - a +1 pair of gloves of infusion (worn)
Jewellery
 g - a +6 ring of strength (left hand)
 s - an amulet of guardian spirit (around neck)
Wands
 h - a wand of flame (22)
Scrolls
 c - 3 scrolls of amnesia
 e - a scroll of teleportation
 u - a scroll of noise
 v - 2 scrolls of magic mapping
 y - a scroll of fog
 z - a scroll of fear
 B - a scroll of torment
 C - a scroll of identify
 G - a scroll of brand weapon {unknown}
Potions
 d - a potion of might
 p - a potion of brilliance {unknown}
 r - a potion of attraction {unknown}
 t - a potion of heal wounds {unknown}
 x - a potion of mutation {unknown}
 A - a potion of cancellation {unknown}
 F - a potion of degeneration {unknown}
 H - a potion of curing {unknown}


   Skills:
 + Level 4.7 Fighting
 + Level 0.8 Short Blades
 + Level 3.8(5.9) Axes
 + Level 2.7(3.5) Maces & Flails
 + Level 5.1(5.6) Polearms
 + Level 6.9 Armour
 + Level 3.0 Dodging
 + Level 0.7 Stealth
 + Level 8.4 Shields


You had 8 spell levels left.
You didn't know any spells.
Your spell library contained the following spells:

 Spells                   Type           Power      Damage    Failure   Level
 Sublimation of Blood     Necr           0%         N/A       100%        2
 Wereblood                Tmut           0%         N/A       100%        2
 Olgreb's Toxic Radiance  Pois           0%         N/A       100%        4
 Ozocubu's Refrigeration  Ice            0%         4d5       100%        7
 Summon Hydra             Summ           0%         N/A       100%        7
 Ignition                 Fire           0%         3d3       100%        8


Dungeon Overview and Level Annotations

Branches:
Dungeon (6/15)
 Temple: D:4-7

Altars:
Ashenzari
Okawaru
Uskayaw

Shops:
D:2 =   D:6 (


Innate Abilities, Weirdness & Mutations

You are resistant to damage.
You can heal yourself by infusing magical energy.
You passively map the area around you.
You do not regenerate.


Message History

You barely miss the electric eel.
The electric eel is moderately wounded.
The electric eel shoots out a bolt of lightning at you!
The bolt of electricity hits you. x2
You closely miss the electric eel.
The electric eel is moderately wounded.
The electric eel shoots out a bolt of lightning at you!
The bolt of electricity hits you. The bolt of electricity hits you!
You hit the electric eel.
The electric eel is severely wounded.
The electric eel shoots out a bolt of lightning at you!
The bolt of electricity hits you!
The electric eel shoots out a bolt of lightning at you!
The bolt of electricity hits you!
* * * LOW HITPOINT WARNING * * *
Activating: Heal Wounds (9% risk of failure)
Press: ? - help, Q - select action, (/) - cycle Dir - look around, f - activate Your magical essence is drained by the effort!
You feel much better.
The electric eel shoots out a bolt of lightning at you!
The bolt of electricity hits you.
You closely miss the electric eel.
The electric eel is severely wounded.
The electric eel shoots out a bolt of lightning at you!
The bolt of electricity hits you!
* * * LOW HITPOINT WARNING * * *
The electric eel shoots out a bolt of lightning at you!
The bolt of electricity misses you. The bolt of electricity hits you!
* * * LOW HITPOINT WARNING * * *
The electric eel shoots out a bolt of lightning at you!
The bolt of electricity hits you.
The electric eel shoots out a bolt of lightning at you!
The bolt of electricity hits you.
* * * LOW HITPOINT WARNING * * *
You don't have enough innate magic capacity.
You barely miss the electric eel.
The electric eel is severely wounded.
The electric eel shoots out a bolt of lightning at you!
The bolt of electricity hits you!
You die...

* * ,.... , ≈ ** ....# * ≈
≈ P≈≈..#* , ≈≈P≈..###
*≈≈≈≈≈P≈S...### #### , * *
≈≈≈≈..≈...## #...
≈≈≈≈≈≈.≈...## #...
,≈≈≈≈≈≈S@....####### #...
* , .≈P≈≈≈S†..........#
#... , *
...≈o≈≈≈.≈........###... ,
, ../≈≈≈≈≈≈...........†..>
*
*,.=..≈≈≈≈≈P..########....
* ##.≈≈≈≈≈≈P≈.# #.### , *
* #..≈≈≈≈≈≈≈.#* #..
....≈P≈≈≈≈≈....* #..## , *
###.≈≈≈≈≈≈≈..#.# #..##


You could see 3 electric eels and an orc.

Vanquished Creatures
  A two-headed ogre (D:6)
  Grinder (D:3)
  A wyvern (D:6)
  An orc warrior (D:6)
  A black bear (D:4)
  An ogre (D:4)
  2 necrophages
  2 sky beasts
  A centaur (D:5)
  A phantom (D:4)
  A scorpion (D:5)
  A wyvern skeleton (D:6)
  2 electric eels (D:6)
  A howler monkey (D:5)
  A bullfrog zombie (D:5)
  2 centaur zombies
  2 hounds
  A bullfrog skeleton (D:5)
  2 centaur skeletons (D:5)
  Jessica (D:2)
  5 iguanas
  An orc wizard (D:3)
  2 hound skeletons
  Robin (D:2)
  3 gnolls (D:6)
  A howler monkey skeleton (D:5)
  9 adders
  3 worms
  5 dart slugs
  8 orcs
  7 endoplasms
  4 giant cockroaches
  10 hobgoblins
  4 jackals (D:2)
  14 kobolds
  5 quokkas
  4 ball pythons
  5 bats
  3 frilled lizards
  12 goblins
  5 rats
137 creatures vanquished.

Vanquished Creatures (others)
  3 plants (D:6)
3 creatures vanquished.

Grand Total: 140 creatures vanquished

Notes
Turn   | Place    | Note
-------+----------+-------------------------------------------
     0 | D:1      | nerdsy the Deep Dwarf Fighter began the quest for the Orb.
     0 | D:1      | Reached XP level 1. HP: 20/20 MP: 1/1
   121 | D:1      | Reached XP level 2. HP: 28/28 MP: 2/2
   386 | D:1      | You fall into a shaft and drop 1 floor!
   386 | D:2      | Noticed Jessica
   391 | D:2      | Killed Jessica
   392 | D:2      | Reached XP level 3. HP: 21/34 MP: 3/3
   395 | D:2      | Reached XP level 4. HP: 26/42 MP: 4/4
   542 | D:2      | Identified the +6 chain mail "Fuvuiz" {+Inv Will+ Str+3
                  | Int+3}
   617 | D:2      | Noticed Robin
   646 | D:2      | Killed Robin
   677 | D:2      | Found a faded altar of an unknown god.
   882 | D:2      | Reached XP level 5. HP: 40/49 MP: 1/5
   990 | D:2      | Found Poarione's One-of-a-Kind Rings.
  1070 | D:2      | Reached skill level 4 in Shields
  1356 | D:4      | Reached skill level 1 in Dodging
  1378 | D:4      | Reached skill level 1 in Polearms
  1416 | D:4      | Noticed a phantom
  1445 | D:4      | Killed a phantom
  1446 | D:4      | Reached XP level 6. HP: 40/56 MP: 2/6
  1545 | D:4      | Reached skill level 5 in Shields
  1545 | D:4      | Reached XP level 7. HP: 26/63 MP: 2/6
  1669 | D:4      | Found an iron altar of Okawaru.
  2086 | D:3      | Noticed Grinder
  2145 | D:3      | Killed Grinder
  2146 | D:3      | Reached skill level 5 in Armour
  2925 | D:5      | Entered Level 5 of the Dungeon
  2983 | D:5      | Reached skill level 6 in Shields
  3000 | D:5      | Reached XP level 8. HP: 46/72 MP: 2/6
  3167 | D:5      | Identified the +6 whip of the Pharaoh's Fist {vorpal, rN+}
  3475 | D:5      | Found a hide-covered altar of Uskayaw.
  3587 | D:6      | Found a broken altar of Ashenzari.
  3621 | D:6      | Reached skill level 7 in Shields
  3628 | D:6      | Noticed a two-headed ogre
  3647 | D:6      | HP: 2/71 [two-headed ogre/+0 giant spiked club (21)]
  3649 | D:6      | Reached skill level 5 in Polearms
  3668 | D:6      | Killed a two-headed ogre
  3669 | D:6      | Reached skill level 1 in Maces & Flails
  3669 | D:6      | Reached skill level 8 in Shields
  3669 | D:6      | Gained mutation: You passively map the area around you.
                  | [Deep Dwarf growth]
  3669 | D:6      | Reached XP level 9. HP: 66/79 MP: 0/2
  3726 | D:6      | Found Bamav's Antique Weapon Shoppe.
  3857 | D:6      | Found the ring of the Hare {EV+8}
  3878 | D:6      | Killed from afar by an electric eel

Illustrated notes

Levels and vault maps discovered:
D:1:      dpeg_arrival_line_fractal, layout_basic, dk_noncrumbling_3
D:2:      layout_loops_ring, shapermc_ecumenical_altar_acropolis, st_stairs_9,
          nicolae_shop_unique_rings, kennysheep_cluttered_room,
          hangedman_glass_teeth, minmay_stone_trees_small, chequers_garden,
          uniq_jessica, uniq_robin
D:3:      kb_forest_paths, layout_loops_ring, serial_bayou_pond_e, uniq_grinder
D:4:      layout_rooms, okawaru_ov_weapons_minmay,
          chequers_serial_rivers_micro_c, minmay_fractal_squares_diagonal_5
D:5:      layout_cave_pools, lemuel_crystal_altar, grunt_ministairs_9
D:6:      layout_basic, lemuel_crystal_altar, xom_teletrap_fun,
          minmay_temple_entry_enclosed_plants, serial_shops, shop,
          chequers_big_river, palyth_stone_intersect

Skill      XL: |  1  2  3  4  5  6  7  8  9 |
---------------+----------------------------+-----
Fighting       | 3 4 |  4.7
Axes           | 3 |  3.8
Armour         | 4 5 6 |  6.9
Shields        | 4 5 6 8 |  8.4
Dodging        | 1 2 3 |  3.0
Polearms       | 1 2 4 5 |  5.1
Maces & Flails | 1 2 |  2.7
Short Blades   | |  0.8
Stealth        | |  0.7

Action                   |  1- 3 |  4- 6 |  7- 9 || total
-------------------------+-------+-------+-------++-------
Melee: War axe           |    34 |    35 |       ||    69
       Dagger            |       |    33 |       ||    33
       Spear             |       |   159 |   250 ||   409
       Whip              |       |       |    99 ||    99
 Abil: Heal Wounds       |       |     4 |    23 ||    27
  Use: Scroll            |       |     2 |     6 ||     8
Armor: Scale mail        |    14 |    26 |       ||    40
       Chain mail        |       |   186 |   206 ||   392
Dodge: Dodged            |    15 |    89 |   101 ||   205
Block: Buckler           |     9 |     7 |       ||    16
       Tower shield      |       |   235 |   313 ||   548
